 Dungeon Crawl Stone Soup version 0.24.1-14-gf8d2b509d9 (webtiles) character file.

Game seed: 11307951475107888346, levelgen mode: deterministic

202 Gruesph the Slasher (level 6, 0/47 HPs)
             Began as a Human Wanderer on May 20, 2020.
             Was a Follower of Makhleb.
             Slain by a worker ant (2 damage)
             ... on level 4 of the Dungeon.
             The game lasted 00:09:34 (4502 turns).

Gruesph the Slasher (Human Wanderer)                Turns: 4502, Time: 00:09:34

Health: 0/47       AC:  6    Str: 14    XL:     6   Next: 8%
Magic:  7/7        EV: 10    Int: 14    God:    Makhleb [*.....]
Gold:   258        SH:  0    Dex: 11    Spells: 3/7 levels left

rFire    . . .     SeeInvis .   a - +2 falchion
rCold    . . .     Gourm    .   (no shield)
rNeg     . . .     Faith    .   m - +0 ring mail
rPois    .         Spirit   .   (no helmet)
rElec    .         Reflect  .   j - +0 cloak
rCorr    .         Harm     .   (no gloves)
MR       .....                  (no boots)
Stlth    +.........             (no amulet)
HPRegen  0.15/turn              (no ring)
MPRegen  0.10/turn              (no ring)

@: lethally poisoned (0 -> -2)
A: no striking features
a: Renounce Religion


You were on level 4 of the Dungeon.
You worshipped Makhleb.
Makhleb was aware of your devotion.
You were very hungry.

You visited 1 branch of the dungeon, and saw 4 of its levels.

You collected 258 gold pieces.

Inventory:

Hand Weapons
 a - a +2 falchion (weapon)
Missiles
 h - 111 stones (quivered)
Armour
 j - a +0 cloak (worn)
 m - a +0 ring mail (worn)
Jewellery
 g - an uncursed ring of fire {unknown}
 l - an uncursed ring of wizardry {unknown}
 w - an uncursed amulet of the gourmand {unknown}
Scrolls
 c - a scroll of random uselessness {unknown}
 e - 7 scrolls of identify {unknown}
 i - 5 scrolls of remove curse {unknown}
 k - 2 scrolls of teleportation {unknown}
 t - a scroll of enchant armour {unknown}
 v - a scroll of immolation {unknown}
 x - a scroll of amnesia {unknown}
Potions
 d - a potion of agility {unknown}
 n - a potion of magic {unknown}
 o - a potion of invisibility {unknown}
 p - a potion of brilliance {unknown}
 q - a potion of heal wounds {unknown}
 r - a potion of haste {unknown}
 s - 2 potions of curing {unknown}
 u - a potion of degeneration {unknown}
 z - a potion of resistance {unknown}
Comestibles
 f - 8 rations


   Skills:
 + Level 3.0 Fighting
 * Level 4.6 Long Blades
 - Level 2.0 Stealth
 - Level 1.0 Spellcasting
 + Level 1.3 Charms
 - Level 3.0 Necromancy
   Level 1.0 Air Magic


You had 3 spell levels left.
You knew the following spells:

 Your Spells              Type           Power        Failure   Level  Hunger
a - Pain                  Necr           #...         16%         1    ##.....
b - Regeneration          Chrm/Necr      #.........   54%         3    ####...

Your spell library contained the following spells:

 Spells                   Type           Power        Failure   Level  Hunger


Dungeon Overview and Level Annotations

Branches:
Dungeon (4/15)
 Temple: D:4-7

Altars:
Makhleb


Message History

You feel sick. The worker ant barely misses you.
You barely miss the worker ant.
The worker ant is moderately wounded.
The worker ant barely misses you.
You riposte.
You hit the worker ant.
The worker ant is heavily wounded.
You slash the worker ant!
The worker ant is almost dead.
* * * LOW HITPOINT WARNING * * *
You feel sick.
The worker ant bites you but does no damage.
You barely miss the worker ant.
The worker ant is almost dead.
The worker ant bites you but does no damage.
The worker ant barely misses you.
You riposte.
You closely miss the worker ant.
The worker ant is almost dead.
You barely miss the worker ant.
The worker ant is almost dead.
* * * LOW HITPOINT WARNING * * *
You feel sick. The worker ant bites you.
You die...

....o..........##.#
########.#(#...##.###
#..).#.#........#
#.....##.#.#...######
#......#....#...#
....##.#.##(#...# .o.
#.#...(#...# ..
#.####a#...###### .
#. #@#...<.<..# #.
#.##..##.###
.........#.#
....#...##.#
#..........#
.......#####
#.####### ..


You could see a worker ant.

Vanquished Creatures
  An orc priest (D:4)
  An orc wizard (D:4)
  A worker ant (D:4)
  5 adders
  2 oozes
  2 worms (D:2)
  A dart slug (D:1)
  2 leopard geckos (D:2)
  6 orcs
  2 ball pythons
  4 bats
  A giant cockroach (D:1)
  6 goblins
  4 hobgoblins (D:1)
  5 jackals
  4 kobolds
  4 frilled lizards
  5 rats
56 creatures vanquished.

Vanquished Creatures (others)
  5 toadstools (D:2)
5 creatures vanquished.

Grand Total: 61 creatures vanquished

Notes
Turn   | Place    | Note
-------+----------+-------------------------------------------
     0 | D:1      | Gruesph the Human Wanderer began the quest for the Orb.
     0 | D:1      | Gruesph set off with the following items: a +2 falchion, a
                  | potion of lignification, a +0 robe, a +0 dagger, a ration;
                  | and the following spell memorised: Pain; and the following
                  | spells available to memorise: Regeneration
     0 | D:1      | Reached XP level 1. HP: 15/15 MP: 2/2
   200 | D:1      | Reached XP level 2. HP: 15/21 MP: 3/3
   682 | D:1      | Reached XP level 3. HP: 26/26 MP: 4/4
  1209 | D:2      | Reached skill level 3 in Long Blades
  1886 | D:2      | Reached XP level 4. HP: 10/33 MP: 5/5
  2874 | D:2      | Reached skill level 4 in Long Blades
  3260 | D:2      | Learned a level 3 spell: Regeneration
  3442 | D:3      | Reached XP level 5. HP: 29/39 MP: 6/6
  4152 | D:3      | Found a faded altar of an unknown god.
  4358 | D:3      | Became a worshipper of Makhleb the Destroyer
  4358 | D:3      | Reached * piety under Makhleb
  4464 | D:4      | Reached skill level 1 in Charms
  4472 | D:4      | Reached XP level 6. HP: 18/47 MP: 7/7
  4502 | D:4      | HP: 2/47 [poisoned by a worker ant]
  4502 | D:4      | Slain by a worker ant

Levels and vault maps discovered:
D:1:      nicolae_arrival_memento_mori, layout_loops_corners
D:2:      kb_forest_paths, layout_basic, first_ration, minmay_gold_behind_fungi
D:3:      layout_loops_ring, chequers_ecumenical_altar_simple_redux,
          kennysheep_small_spiral
D:4:      layout_basic, minmay_manual_mail

Skill      XL: |  1  2  3  4  5 |
---------------+----------------+-----
Long Blades    | 3 4 |  4.6
Fighting       | 2 3 |  3.0
Charms         | 1 |  1.3
Stealth        | |  2.0
Spellcasting   | |  1.0
Necromancy     | |  3.0
Air Magic      | |  1.0

Action                   |  1- 3 |  4- 6 || total
-------------------------+-------+-------++-------
Melee: Falchion          |    81 |   155 ||   236
Throw: Stone             |     9 |    16 ||    25
  Use: Potion            |       |     1 ||     1
 Stab: Sleeping          |     3 |       ||     3
  Eat: Chunk             |     3 |     4 ||     7
       Ration            |       |     1 ||     1
Armor: Robe              |    10 |       ||    10
       Ring mail         |    13 |    41 ||    54
       Skin              |       |    13 ||    13
Dodge: Dodged            |    33 |    67 ||   100
       Rpst.: Falchion   |    10 |    24 ||    34
